 Dungeon Crawl Stone Soup version 0.31-a0-702-gf82c85558f (webtiles) character file.

Game seed: 9809582924441667169

21 Conn the Sneak (level 2, -3/21 HPs)
             Began as an Octopode Delver on Sept 8, 2023.
             Slain by Terence
             ... wielding a +0 short sword
              (4 damage)
             ... on level 3 of the Dungeon.
             The game lasted 00:02:04 (320 turns).

Conn the Sneak (Octopode Delver)                     Turns: 320, Time: 00:02:06

Health: -3/21      AC:  1    Str: 11    XL:     2   Next: 83%
Magic:  3/3        EV: 13    Int: 12    God:
Gold:   38         SH:  0    Dex: 13    Spells: 3/3 levels left

rFire   . . .        a - +0 short sword
rCold   . . .        (no shield)
rNeg    . . .        (helmet restricted)
rPois   .            (no amulet)
rElec   .            (no ring)
rCorr   .            (no ring)
SInv    .            (no ring)
Will    +....        (no ring)
Stlth   ++++         (no ring)
HPRegen 0.23/turn    (no ring)
MPRegen 0.08/turn    (no ring)
                     (no ring)

%: no passive effects
@: enlightened, flying
A: almost no armour, amphibious, 8 rings, camouflage 1, gelatinous body 1,
(nimble swimmer 1), tentacles
a: no special abilities


You were on level 3 of the Dungeon.
You visited 1 branch of the dungeon, and saw 3 of its levels.

You collected 38 gold pieces.

Inventory:

Hand Weapons
 a - a +0 short sword (weapon)
Wands
 f - a wand of digging (3)
Scrolls
 b - a scroll of fog
 c - a scroll of revelation
 d - a scroll of fear
 h - a scroll of enchant weapon
 i - a scroll of identify
Potions
 e - a potion of haste


   Skills:
 + Level 3.2 Fighting
 - Level 2.2 Short Blades
 + Level 2.2 Dodging
 - Level 6.7 Stealth
 * Level 1.0 Spellcasting


You had 3 spell levels left.
You didn't know any spells.
Your spell library contained the following spells:

 Spells                   Type           Power      Damage    Failure   Level
 Sting                    Tmut/Pois      0%         1d3       30%         1
 Poisonous Vapours        Pois/Air       0%         N/A       41%         2
 Olgreb's Toxic Radiance  Pois           0%         N/A       96%         4


Dungeon Overview and Level Annotations

Branches:
Dungeon (5/15)
 Temple: D:4-7

Altars:

Shops:
D:4 (   D:5 =

Portals:
Sewer: D:3

Annotations:
D:3 Terence


Innate Abilities, Weirdness & Mutations

You cannot wear most types of armour.
You are amphibious.
You can wear up to eight rings at the same time.
Your skin changes colour to match your surroundings (Stealth+).
Your rubbery body absorbs attacks. (AC +1, EV +1)
((You are camouflaged when in or above water. (Stealth+)))
You have tentacles for arms and can constrict up to eight enemies at once.


Message History

The endoplasm quivers.
You see here a staff of air.
You don't know any spells.
You barely miss the endoplasm. The endoplasm hits you.
Unknown command.
Unknown command.
Okay, then.
Unknown command.
As you read the scroll labelled WIMIHI JIEGG, it crumbles to dust.
It is a scroll of identify.
h - a scroll of enchant weapon The endoplasm closely misses you.
Okay, then.
You hit Terence but do no damage. Your grab misses Terence.
You squeeze Terence, but do no damage. Terence misses you.
You hit Terence but do no damage. Your grab misses Terence.
The endoplasm hits you. Terence barely misses you.
You hit Terence but do no damage. You grab Terence. You squeeze Terence.
Terence is lightly wounded.
You constrict Terence, but do no damage.
The endoplasm freezes you.
You are frozen.
Okay, then.
You hit Terence but do no damage. You squeeze Terence!
Terence is severely wounded.
You constrict Terence, but do no damage.
Terence hits you with a +0 short sword.
Unknown command.
It was a potion of enlightenment.
You feel very buoyant.
You fly up into the air.
You constrict Terence. The endoplasm barely misses you.
Terence hits you with a +0 short sword.
* * * LOW HITPOINT WARNING * * *
You hit Terence.
Terence is almost dead.
You constrict Terence, but do no damage.
The endoplasm hits you.
* * * LOW HITPOINT WARNING * * *
Terence hits you with a +0 short sword.
You die...

#.# #..........# #.#
####..........# #.#
#.............# #.#
#.............#########.#
+.....................>.#
#.............##.#####[.#
#......J......##.#.....†#
#......@@.....##.#.#.#..#
#......#########.#......#
#......# #.#...##.#
#.....|# #.#......<
#......#########...######
#......#.................
##..............#.######)
#..............#.#
..........#######..#


You could see Terence and an endoplasm.

Vanquished Creatures
  An adder (D:3)
  A dart slug (D:3)
  An orc (D:3)
  An endoplasm (D:3)
  A hobgoblin (D:3)
  2 kobolds
  A ball python (D:3)
  A bat (D:3)
  A frilled lizard (D:3)
10 creatures vanquished.

Notes
Turn   | Place    | Note
-------+----------+-------------------------------------------
     0 | D:5      | Conn the Octopode Delver began the quest for the Orb.
     0 | D:5      | Reached XP level 1. HP: 16/16 MP: 1/1
    16 | D:5      | Found Ruri's Jewellery Boutique.
   110 | D:4      | Found Ajeoma's Antique Weapon Shoppe.
   166 | D:3      | Reached XP level 2. HP: 21/21 MP: 2/2
   238 | D:3      | Found a glowing drain.
   280 | D:3      | Reached skill level 1 in Spellcasting
   302 | D:3      | Noticed Terence
   320 | D:3      | HP: 1/21 [endoplasm (3)]
   320 | D:3      | Slain by Terence

Illustrated notes

Levels and vault maps discovered:
D:3:      layout_basic, gup_sewer_entry_glass, uniq_terence
D:4:      layout_cave_pools, minmay_temple_entry_hall, serial_shops,
          nicolae_shop_gibbet_a_chance, nicolae_stop_n_shop_2,
          nicolae_shop_real_fake_doors, nicolae_stop_n_shop_2, dk_noncrumbling_2
D:5:      layout_basic, worldfamousw_hep_ancestral_shrine, serial_shops, shop,
          shop, nicolae_shop_peninsula, kennysheep_mini_moat, shop,
          hangedman_abyss_or_decor_lesser_grid, uniq_edmund, uniq_ijyb,
          uniq_pikel

Skill      XL: |  1  2 |
---------------+-------+-----
Spellcasting   | 1 |  1.0
Fighting       | |  3.2
Short Blades   | |  2.2
Dodging        | |  2.2
Stealth        | |  6.7

Action                     || total
---------------------------++-------
  Melee: Short sword       ||    23
         Constrict         ||     4
         Tentacles         ||     4
    Use: Scroll            ||     1
         Potion            ||     1
   Stab: Sleeping          ||     5
 Armour: Skin              ||    10
  Dodge: Dodged            ||    15

Table legend: (Time is in decaauts)
 A = Elapsed time spent in this place.
 B = Non-inter-level travel time spent in this place.
 C = Inter-level travel time spent in this place.
 D = Time resting spent in this place.
 E = Time spent auto-exploring this place.
 F = Levels seen in this place.
 G = Mean time per level.
                   A        B        C        D        E       F      G
               +--------+--------+--------+--------+--------+-----+--------+
         Total |    317 |    317 |      0 |      0 |    106 |   3 |  105.7 |
       Dungeon |    317 |    317 |      0 |      0 |    106 |   3 |  105.7 |
               +--------+--------+--------+--------+--------+-----+--------+

Top non-repeatable levels by time:
     D:3: 186 daAuts
     D:5: 110 daAuts
     D:4: 20 daAuts
